 Dungeon Crawl Stone Soup version 0.24.1-1-gd1d2a07e1b (webtiles) character file.

Game seed: 331183476943349341, levelgen mode: deterministic

619 MajorAdolf the Sneak (level 7, -1/57 HPs)
             Began as a Naga Wanderer on Apr 11, 2020.
             Was a Believer of Hepliaklqana.
             Slain by a river rat (6 damage)
             ... summoned by Eustachio
             ... on level 4 of the Dungeon.
             The game lasted 00:07:53 (4940 turns).

MajorAdolf the Sneak (Naga Wanderer)                Turns: 4940, Time: 00:07:53

Health: -1/57      AC:  5    Str: 15    XL:     7   Next: 46%
Magic:  7/7        EV: 26    Int: 14    God:    Hepliaklqana [**....]
Gold:   250        SH:  4    Dex: 10    Spells: 6/6 levels left

rFire    . . .     SeeInvis +   a - +2 spear
rCold    . . .     Gourm    .   i - +0 buckler
rNeg     + . .     Faith    .   d - +0 robe
rPois    +         Spirit   .   c - +0 helmet
rElec    .         Reflect  .   (no cloak)
rCorr    .         Harm     .   l - +0 pair of gloves
MR       .....                  (no barding)
Stlth    +++.......             s - amulet of the acrobat
HPRegen  0.19/turn              q - ring of poison resistance
MPRegen  0.10/turn              r - ring of positive energy

@: acrobat, very slow
A: large, reduced essence, see invisible, deformed body, poison resistance,
slowness 2, slow metabolism 1, spit poison 1, AC +2
a: Spit Poison, Ancestor Life: Knight, Ancestor Life: Battlemage, Ancestor Life:
Hexer, Recall Ancestor, Ancestor Identity, Renounce Religion


You were on level 4 of the Dungeon.
You worshipped Hepliaklqana.
Hepliaklqana was pleased with you.
You were not hungry.

You visited 1 branch of the dungeon, and saw 4 of its levels.

You collected 250 gold pieces.

Inventory:

Hand Weapons
 a - a +2 spear (weapon)
Armour
 c - a +0 helmet (worn)
 d - a +0 robe (worn)
 i - a +0 buckler (worn)
 l - a +0 pair of gloves (worn)
Jewellery
 q - a ring of poison resistance (left hand)
 r - a ring of positive energy (right hand)
 s - an amulet of the acrobat (around neck)
Scrolls
 b - a scroll of remove curse
 e - a scroll of enchant weapon {unknown}
 h - a scroll of random uselessness
 j - 2 scrolls of teleportation
 m - 5 scrolls of identify
 t - a scroll of amnesia
Potions
 g - a potion of resistance
 k - a potion of might {unknown}
 n - a potion of brilliance {unknown}
 o - a potion of agility
 p - 2 potions of curing
Comestibles
 f - 5 rations


   Skills:
 - Level 4.3 Fighting
 + Level 3.4 Polearms
 - Level 1.0 Throwing
 + Level 4.0 Dodging
 + Level 6.6 Stealth
 + Level 2.8 Shields
 - Level 0.6 Invocations


You had 6 spell levels left.
You didn't know any spells.
Your spell library was empty.

Dungeon Overview and Level Annotations

Branches:
Dungeon (4/15)             Temple (0/1) D:4

Altars:
Fedhas
Gozag
Hepliaklqana
Qazlal
Sif Muna
Uskayaw
Xom

Shops:
D:2 *

Annotations:
D:4 Eustachio


Innate Abilities, Weirdness & Mutations

You cannot wear boots.
Your serpentine skin is tough. (AC +2)
You have supernaturally acute eyesight. (SInv)
Armour fits poorly on your strangely shaped body.
Your system is resistant to poisons. (rPois)
You cover ground very slowly.
You have a slow metabolism.
You can spit poison.
Your life essence is reduced to manifest your ancestor. (-10% HP)


Message History

Eustachio closely misses you.
Unknown command.
Attack whom?
Press: ? - help, Dir - move target cursor, f/p - Eustachio
Aim: Eustachio, wielding a +1 rapier of protection and wearing a +0 leather armour (almost dead)
You hit Eustachio.
Eustachio is almost dead.
The river rat closely misses you. The river rat bites you.
* * * LOW HITPOINT WARNING * * *
The rat barely misses Tlalli.
Tlalli hits the river rat but does no damage.
Unknown command.
You feel better.
Eustachio gestures wildly while chanting.
Eustachio blinks!
You block the river rat's attack. The river rat bites you.
* * * LOW HITPOINT WARNING * * *
The rat barely misses Tlalli.
Unknown command.
The river rat bites you.
You die...

##.#####.#..####.# #...5@.R..#
#..........## #.# #.#.####..#
#.########## #.# #.#.# #..# #.#
#.# #.#.# #..# #.# #.# ##@#.##
#..# #.# ##.####.R.b.###..# #.#
#.....#5###..##... #.#
#..##.#...#..###.# #.#
###@.##5R...#...##.# #.#
#.r.r##.###........# #.#
######<#R###...#.###....# #.#
#...##@#r#.....#...#..#.# #.#
#......#5#.###.....#.##.# #.#
#...##.#.#...#.###......# ##.#
##.###.......#...#.###... ##.#
####.###...###.....#...#..#
##.####...(........#.###.....#..#


You could see the friendly Tlalli the ancestor, Eustachio, an iron imp, 2 river
rats and a rat.

Vanquished Creatures
  Grinder (D:4)
  A bullfrog (D:4)
  A howler monkey (D:4)
  An orc priest (D:3)
  Natasha (twice) (D:3)
  A worker ant (D:4)
  A hound skeleton (D:4)
  2 adders (D:4)
  A worm (D:2)
  2 dart slugs
  A leopard gecko (D:2)
  2 orcs (D:3)
  8 bats
  4 giant cockroaches
  12 goblins
  5 hobgoblins
  6 jackals
  A ball python (D:1)
  3 frilled lizards
  9 kobolds
  8 rats
72 creatures vanquished.

Vanquished Creatures (collateral kills)
  A worker ant (D:4)
  An orc wizard (D:3)
  Robin (D:3)
  3 adders
  A worm (D:3)
  A leopard gecko (D:2)
  3 orcs
  A bat (D:2)
  A giant cockroach (D:3)
  9 goblins
  2 jackals
  A rat (D:3)
25 creatures vanquished.

Vanquished Creatures (others)
  An ancestor (D:3)
1 creature vanquished.

Grand Total: 98 creatures vanquished

Notes
Turn   | Place    | Note
-------+----------+-------------------------------------------
     0 | D:1      | MajorAdolf the Naga Wanderer began the quest for the Orb.
     0 | D:1      | MajorAdolf set off with the following items: a +2 spear, a
                  | potion of lignification, a potion of curing, a +0 robe, a
                  | +0 dagger, a ration
     0 | D:1      | Reached XP level 1. HP: 22/22 MP: 1/1
   435 | D:1      | Reached XP level 2. HP: 30/30 MP: 2/2
  1138 | D:1      | Reached XP level 3. HP: 33/36 MP: 3/3
  1455 | D:2      | Found a hazy altar of Hepliaklqana.
  1456 | D:2      | Found a shimmering blue altar of Sif Muna.
  1456 | D:2      | Found a hide-covered altar of Uskayaw.
  1457 | D:2      | Found a shimmering altar of Xom.
  1464 | D:2      | Became a worshipper of Hepliaklqana the Forgotten
  1492 | D:2      | Found a stormy altar of Qazlal.
  1731 | D:2      | Found Gozag's Platinum Reserve.
  1892 | D:2      | Reached skill level 1 in Polearms
  2060 | D:2      | Found an opulent altar of Gozag.
  2259 | D:2      | Reached * piety under Hepliaklqana
  2263 | D:2      | Reached XP level 4. HP: 39/39 MP: 4/4
  2308 | D:2      | Reached skill level 1 in Shields
  2595 | D:3      | Reached skill level 4 in Stealth
  2602 | D:3      | Noticed Robin
  3266 | D:2      | Reached XP level 5. HP: 41/45 MP: 5/5
  3605 | D:3      | Killed Robin
  3977 | D:3      | Reached skill level 5 in Stealth
  4104 | D:3      | Noticed Natasha
  4117 | D:3      | Killed Natasha
  4255 | D:3      | Noticed Natasha
  4266 | D:3      | Killed Natasha
  4266 | D:3      | Reached XP level 6. HP: 51/51 MP: 6/6
  4388 | D:3      | Found a faded altar of an unknown god.
  4442 | D:4      | Found a staircase to the Ecumenical Temple.
  4461 | D:4      | Found a blossoming altar of Fedhas.
  4463 | D:4      | Noticed Grinder
  4476 | D:4      | Killed Grinder
  4476 | D:4      | Reached skill level 6 in Stealth
  4476 | D:4      | Reached XP level 7. HP: 53/57 MP: 7/7
  4739 | D:4      | Reached ** piety under Hepliaklqana
  4844 | D:4      | Noticed Eustachio
  4938 | D:4      | HP: 2/57 [river rat[Eustachio] (4)]
  4940 | D:4      | Slain by a river rat

Levels and vault maps discovered:
D:1:      ncdulo_lavacross, layout_loops_corners, grunt_decor_one_mirror
D:2:      layout_basic, nicolae_gozag_zags_fifth_avenue,
          chequers_temple_overflow_statue_of_worship, grunt_ministairs_3,
          grunt_qazlal_sundering
D:3:      layout_rooms, chequers_ecumenical_altar_twisty, first_ration,
          columned_hall_lemuel, uniq_natasha, uniq_robin
D:4:      layout_loops_ring, nicolae_overflow_crystal_walls,
          minmay_temple_entry_water_ring, hangedman_decor_points,
          lemuel_tele_altar, uniq_grinder, uniq_eustachio

Skill      XL: |  1  2  3  4  5  6  7 |
---------------+----------------------+-----
Polearms       | 1 2 3 |  3.4
Shields        | 1 2 |  2.8
Stealth        | 4 5 6 |  6.6
Dodging        | 3 4 |  4.0
Fighting       | |  4.3
Throwing       | |  1.0
Invocations    | |  0.6

Action                   |  1- 3 |  4- 6 |  7- 9 || total
-------------------------+-------+-------+-------++-------
Melee: Spear             |   121 |   135 |    80 ||   336
Invok: Recall Ancestor   |       |     1 |       ||     1
 Abil: Spit Poison       |       |     2 |       ||     2
  Use: Scroll            |       |     6 |       ||     6
       Potion            |       |     2 |     1 ||     3
 Stab: Sleeping          |     7 |     1 |     1 ||     9
       Distracted        |     1 |       |       ||     1
  Eat: Chunk             |     2 |     6 |     2 ||    10
Armor: Robe              |    19 |    26 |    20 ||    65
       Skin              |       |    11 |       ||    11
Dodge: Dodged            |    70 |    65 |    69 ||   204
Block: Buckler           |     4 |    16 |    18 ||    38
